TOP OF THE 1ST |
Syracuse Chiefs batting - Pitching for Columbus Jets : RHP Sven Lamberts
|
Pitching: RHP Sven Lamberts
|
|
Batting: LHB Darryl Strawberry
|
0-0: Ball 1-0: Ball 2-0: Ground out 6-3 (Groundball, 15, EV 86.9 MPH)
|
Batting: RHB Phil Garner
|
0-0: Called Strike 0-1: Called Strike 0-2: Ball 1-2: Ball 2-2: Fly out, F9 (Flyball, 9LS, EV 90.6 MPH)
|
Batting: RHB Jim G Wilson
|
0-0: Called Strike 0-1: SINGLE (Popup, 6MD, EV 75.0 MPH)
|
Batting: RHB Bobby Grich
|
0-0: Called Strike 0-1: Ball 1-1: Swinging Strike 1-2: Fielders Choice at 2nd, 6-4 (Groundball, 6, EV 103.8 MPH)
|
Top of the 1st over - 0 runs, 1 hit, 0 errors, 1 left on base; Syracuse 0 - Columbus 0 |
BOTTOM OF THE 1ST |
Columbus Jets batting - Pitching for Syracuse Chiefs : RHP Ron Romanick
|
Pitching: RHP Ron Romanick
|
|
Batting: RHB Greg Schultz
|
0-0: Foul Ball, location: 2F 0-1: Ball 1-1: Bunted foul 1-2: Foul Ball, location: 2F 1-2: Ball 2-2: Foul Ball, location: 2F 2-2: SINGLE (Groundball, 56D, EV 95.6 MPH)
|
Batting: RHB Jim Maler
|
0-0: Called Strike 0-1: Foul Ball, location: 2F 0-2: Ball 1-2: Ball 2-2: Fielders Choice at 2nd, 4-6 (Groundball, 4, EV 100.6 MPH)
|
Batting: RHB Danny Tartabull
|
0-0: Called Strike 0-1: Ball 1-1: Ball 2-1: Foul Ball, location: 2F 2-2: Foul Ball, location: 2F 2-2: Strikes out looking
|
Batting: LHB Larry Sheets
|
0-0: Ball 1-0: Ball 2-0: Called Strike 2-1: SINGLE (Flyball, 5D, EV 91.3 MPH) Jim Maler to second
|
Batting: RHB Jackie Gutierrez
|
0-0: Fielders Choice at 2nd, U4 (Groundball, 4M, EV 87.5 MPH)
|
Bottom of the 1st over - 0 runs, 2 hits, 0 errors, 2 left on base; Syracuse 0 - Columbus 0 |
TOP OF THE 2ND |
Syracuse Chiefs batting - Pitching for Columbus Jets : RHP Sven Lamberts
|
Batting: LHB Wayne Gross
|
0-0: SOLO HOME RUN (Flyball, 9LD, EV 104.4 MPH), Distance : 360 ft
|
Batting: RHB Jason Adams
|
0-0: Ball 1-0: Ground out 4-3 (Groundball, 4M, EV 102.5 MPH)
|
Batting: RHB Dusty Baker
|
0-0: Foul Ball, location: 2F 0-1: Foul Ball, location: 2F 0-2: Ball 1-2: Fly out, F7 (Flyball, 7LM, EV 78.1 MPH)
|
Batting: LHB Danny Goodwin
|
0-0: Ball 1-0: Ball 2-0: Called Strike 2-1: Ball 3-1: Foul Ball, location: 2F 3-2: SINGLE (Line Drive, 56D, EV 96.3 MPH)
|
Batting: LHB Jon Jimenez
|
0-0: Ball 1-0: Ball 2-0: Fly out, F7 (Flyball, 7D, EV 93.8 MPH)
|
Top of the 2nd over - 1 run, 2 hits, 0 errors, 1 left on base; Syracuse 1 - Columbus 0 |
BOTTOM OF THE 2ND |
Columbus Jets batting - Pitching for Syracuse Chiefs : RHP Ron Romanick
|
Batting: LHB Paul Hollins
|
0-0: Ball 1-0: Fly out, F8 (Flyball, 78XD, EV 98.1 MPH)
|
Batting: RHB Michael Ventress
|
0-0: Called Strike 0-1: Foul Ball, location: 2F 0-2: Ball 1-2: Ball 2-2: Foul Ball, location: 2F 2-2: Ball 3-2: Foul Ball, location: 2F 3-2: Base on Balls
|
Batting: RHB Jorge Martinez
|
0-0: Ball 1-0: Foul Ball, location: 2F 1-1: DOUBLE (Flyball, 9LD, EV 101.9 MPH) Michael Ventress to third Runner from 3rd tries for Home, SAFE, throw by RF to home
|
Batting: LHB Mike Lebo
|
0-0: Called Strike 0-1: Ground out 5-3 (Groundball, 56S, EV 68.1 MPH) Jorge Martinez to third
|
Batting: RHB Greg Schultz
|
0-0: Foul Ball, location: 2F 0-1: Ball 1-1: Ball 2-1: Fly out, F8 (Flyball, 8RD, EV 101.9 MPH)
|
Bottom of the 2nd over - 1 run, 1 hit, 0 errors, 1 left on base; Syracuse 1 - Columbus 1 |
TOP OF THE 3RD |
Syracuse Chiefs batting - Pitching for Columbus Jets : RHP Sven Lamberts
|
Batting: LHB Darryl Strawberry
|
0-0: Called Strike 0-1: Ground out 6-3 (Groundball, 6, EV 81.3 MPH)
|
Batting: RHB Phil Garner
|
0-0: Ball 1-0: Foul Ball, location: 2F 1-1: SINGLE (Line Drive, 89S, EV 95.0 MPH)
|
Batting: RHB Jim G Wilson
|
0-0: Ball 1-0: Called Strike 1-1: Ball 2-1: Grounds into double play, 6-4-3 (Groundball, 6, EV 84.4 MPH)
|
Top of the 3rd over - 0 runs, 1 hit, 0 errors, 0 left on base; Syracuse 1 - Columbus 1 |
BOTTOM OF THE 3RD |
Columbus Jets batting - Pitching for Syracuse Chiefs : RHP Ron Romanick
|
Batting: RHB Jim Maler
|
0-0: Ground out 5-3 (Groundball, 56, EV 78.1 MPH)
|
Batting: RHB Danny Tartabull
|
0-0: Ball 1-0: Swinging Strike 1-1: SOLO HOME RUN (Line Drive, 78XD, EV 95.0 MPH), Distance : 410 ft
|
Batting: LHB Larry Sheets
|
0-0: Ball 1-0: Swinging Strike 1-1: TRIPLE (Flyball, 8LXD, EV 103.1 MPH)
|
Batting: RHB Jackie Gutierrez
|
0-0: Ball 1-0: Ball 2-0: Ball 3-0: Called Strike 3-1: Base on Balls
|
Batting: LHB Paul Hollins
|
0-0: Ball 1-0: Ball 2-0: Called Strike 2-1: Ball 3-1: Base on Balls Jackie Gutierrez to second
|
Batting: RHB Michael Ventress
|
0-0: Ball 1-0: Foul Ball, location: 2F 1-1: Foul Ball, location: 2F 1-2: Foul Ball, location: 2F 1-2: Ball 2-2: Ball 3-2: Foul Ball, location: 2F 3-2: Foul Ball, location: 2F 3-2: Grounds into double play, 5-4-3 (Groundball, 56, EV 86.3 MPH)
|
Bottom of the 3rd over - 1 run, 2 hits, 0 errors, 2 left on base; Syracuse 1 - Columbus 2 |
TOP OF THE 4TH |
Syracuse Chiefs batting - Pitching for Columbus Jets : RHP Sven Lamberts
|
Batting: RHB Bobby Grich
|
0-0: DOUBLE (Flyball, 78D, EV 90.6 MPH)
|
Pinch Runner at 2nd Eddie Milner:
|
|
Batting: LHB Wayne Gross
|
0-0: SINGLE (Groundball, 4D, EV 105.0 MPH) Eddie Milner to third Runner from 3rd tries for Home, SAFE, throw by CF to home
|
Batting: RHB Jason Adams
|
0-0: Ball 1-0: Reached on error, E6 (Groundball, 56, EV 83.8 MPH) Wayne Gross to second
|
Batting: RHB Dusty Baker
|
0-0: Ball 1-0: Swinging Strike 1-1: Swinging Strike 1-2: Strikes out swinging
|
Batting: LHB Danny Goodwin
|
0-0: Ball 1-0: Ball 2-0: Reached on error, E6 (Groundball, 6, EV 79.4 MPH) Wayne Gross to third Jason Adams to second
|
Batting: LHB Jon Jimenez
|
0-0: Called Strike 0-1: Fly out, F6 (Popup, 6M, EV 70.0 MPH)
|
Batting: LHB Darryl Strawberry
|
0-0: SINGLE (Groundball, 34D, EV 95.0 MPH) Wayne Gross scores Jason Adams to third Danny Goodwin to second Runner from 3rd tries for Home, throw by RF and OUT! 9-2
|
Top of the 4th over - 2 runs, 3 hits, 2 errors, 2 left on base; Syracuse 3 - Columbus 2 |
BOTTOM OF THE 4TH |
Columbus Jets batting - Pitching for Syracuse Chiefs : RHP Ron Romanick
|
Now at 2B: Jeff Doyle
|
|
Batting: RHB Jorge Martinez
|
0-0: Ball 1-0: Ball 2-0: SINGLE (Groundball, 4D, EV 106.3 MPH)
|
Batting: LHB Mike Lebo
|
0-0: Ball 1-0: Swinging Strike 1-1: Called Strike 1-2: Strikes out swinging
|
Batting: RHB Greg Schultz
|
0-0: Ball 1-0: Called Strike 1-1: Foul Ball, location: 2F 1-2: Ball 2-2: SINGLE (Groundball, 13S, EV 72.5 MPH) (infield hit) Jorge Martinez to second
|
Batting: RHB Jim Maler
|
0-0: Foul Ball, location: 2F 0-1: Ball 1-1: Ball 2-1: Ball Wild Pitch! Jorge Martinez to third Greg Schultz to second 3-1: Base on Balls
|
Batting: RHB Danny Tartabull
|
0-0: Called Strike 0-1: Ball 1-1: Ball 2-1: Ball 3-1: Fly out, F9 (Flyball, 89M, EV 90.0 MPH) Runner from 3rd tags up, SCORES, no throw by RF
|
Batting: LHB Larry Sheets
|
0-0: Fly out, F9 (Flyball, 9LM, EV 91.3 MPH)
|
Bottom of the 4th over - 1 run, 2 hits, 0 errors, 2 left on base; Syracuse 3 - Columbus 3 |
TOP OF THE 5TH |
Syracuse Chiefs batting - Pitching for Columbus Jets : RHP Sven Lamberts
|
Batting: RHB Phil Garner
|
0-0: Ground out 4-3 (Groundball, 4, EV 90.6 MPH)
|
Batting: RHB Jim G Wilson
|
0-0: Swinging Strike 0-1: Ball 1-1: Called Strike 1-2: Foul Ball, location: 2F 1-2: Ball 2-2: Ground out 5-3 (Groundball, 56, EV 86.3 MPH)
|
Batting: SHB Jeff Doyle
|
0-0: Foul Ball, location: 2F 0-1: Ball 1-1: Ball 2-1: Ground out 6-3 (Groundball, 6S, EV 64.4 MPH)
|
Top of the 5th over - 0 runs, 0 hits, 0 errors, 0 left on base; Syracuse 3 - Columbus 3 |
BOTTOM OF THE 5TH |
Columbus Jets batting - Pitching for Syracuse Chiefs : RHP Ron Romanick
|
Batting: RHB Jackie Gutierrez
|
0-0: Fly out, F9 (Line Drive, 9, EV 90.0 MPH)
|
Batting: LHB Paul Hollins
|
0-0: Ball 1-0: Ground out U3 (Groundball, 3L, EV 82.5 MPH)
|
Batting: RHB Michael Ventress
|
0-0: Foul Ball, location: 2F 0-1: Called Strike 0-2: Ball 1-2: Ground out U3 (Groundball, 34S, EV 85.6 MPH)
|
Bottom of the 5th over - 0 runs, 0 hits, 0 errors, 0 left on base; Syracuse 3 - Columbus 3 |
TOP OF THE 6TH |
Syracuse Chiefs batting - Pitching for Columbus Jets : RHP Sven Lamberts
|
Batting: LHB Wayne Gross
|
0-0: Foul Ball, location: 2F 0-1: SINGLE (Groundball, 4MD, EV 100.6 MPH)
|
Batting: RHB Jason Adams
|
0-0: Bunt missed! 0-1: Ball 1-1: Bunt missed! 1-2: Ball 2-2: Reached on error, E4 (Groundball, 4, EV 83.1 MPH) Wayne Gross to second
|
Batting: RHB Dusty Baker
|
0-0: Ball 1-0: SINGLE (Groundball, 6MD, EV 96.3 MPH) Wayne Gross to third Jason Adams to second Runner from 3rd tries for Home, SAFE, throw by CF to home
|
Batting: LHB Danny Goodwin
|
0-0: Fly out, F9 (Flyball, 9LM, EV 110.0 MPH)
|
Batting: LHB Jon Jimenez
|
0-0: Ball 1-0: Fielders Choice at 2nd, 6-4 (Groundball, 6, EV 85.6 MPH) Jason Adams to third
|
Batting: LHB Darryl Strawberry
|
0-0: Ball 1-0: Foul Ball, location: 2F 1-1: Called Strike 1-2: Strikes out looking
|
Top of the 6th over - 1 run, 2 hits, 1 error, 2 left on base; Syracuse 4 - Columbus 3 |
BOTTOM OF THE 6TH |
Columbus Jets batting - Pitching for Syracuse Chiefs : RHP Ron Romanick
|
Batting: RHB Jorge Martinez
|
0-0: Ground out 6-3 (Groundball, 6, EV 76.9 MPH)
|
Batting: LHB Mike Lebo
|
0-0: Foul Ball, location: 2F 0-1: Foul Ball, location: 2F 0-2: Foul Ball, location: 2F 0-2: Foul Ball, location: 2F 0-2: Ball 1-2: Strikes out swinging
|
Batting: RHB Greg Schultz
|
0-0: SINGLE (Line Drive, 8LM, EV 104.4 MPH)
|
Batting: RHB Jim Maler
|
0-0: Ball Greg Schultz steals 2nd base 1-0: Ball 2-0: Fly out, F3 (Popup, 34, EV 79.4 MPH)
|
Bottom of the 6th over - 0 runs, 1 hit, 0 errors, 1 left on base; Syracuse 4 - Columbus 3 |
TOP OF THE 7TH |
Syracuse Chiefs batting - Pitching for Columbus Jets : RHP Sven Lamberts
|
Batting: RHB Phil Garner
|
0-0: Called Strike 0-1: SINGLE (Line Drive, 78M, EV 97.5 MPH)
|
Batting: RHB Jim G Wilson
|
0-0: Called Strike 0-1: Foul Ball, location: 2F 0-2: SINGLE (Line Drive, 7LS, EV 96.9 MPH) Phil Garner to second
|
Batting: SHB Jeff Doyle
|
0-0: Foul Ball, location: 2F 0-1: Ball 1-1: Foul Ball, location: 2F 1-2: Ball 2-2: Strikes out swinging
|
Batting: LHB Wayne Gross
|
0-0: Grounds into double play, 6-4-3 (Groundball, 56D, EV 110.6 MPH)
|
Top of the 7th over - 0 runs, 2 hits, 0 errors, 1 left on base; Syracuse 4 - Columbus 3 |
BOTTOM OF THE 7TH |
Columbus Jets batting - Pitching for Syracuse Chiefs : RHP Ron Romanick
|
Batting: RHB Danny Tartabull
|
0-0: Called Strike 0-1: Foul Ball, location: 2F 0-2: Foul Ball, location: 2F 0-2: Fly out, F7 (Flyball, 7, EV 88.1 MPH)
|
Batting: LHB Larry Sheets
|
0-0: Ball 1-0: Called Strike 1-1: Ball 2-1: Fly out, F8 (Line Drive, 8LD, EV 91.9 MPH)
|
Batting: RHB Jackie Gutierrez
|
0-0: Called Strike 0-1: Ball 1-1: Swinging Strike 1-2: Ball 2-2: Ground out 1-3 (Groundball, 15, EV 65.6 MPH)
|
Bottom of the 7th over - 0 runs, 0 hits, 0 errors, 0 left on base; Syracuse 4 - Columbus 3 |
TOP OF THE 8TH |
Syracuse Chiefs batting - Pitching for Columbus Jets : RHP Sven Lamberts
|
Batting: RHB Jason Adams
|
0-0: Swinging Strike 0-1: Ball 1-1: Ground out 1-3 (Groundball, 15, EV 68.8 MPH)
|
Batting: RHB Dusty Baker
|
0-0: Fly out, F8 (Flyball, 78S, EV 91.3 MPH)
|
Batting: LHB Danny Goodwin
|
0-0: Ball 1-0: SINGLE (Groundball, 4D, EV 101.9 MPH)
|
Batting: LHB Jon Jimenez
|
0-0: Called Strike 0-1: Ball 1-1: Ball 2-1: Ball 3-1: Foul Ball, location: 2F 3-2: Reached via error on a dropped throw from SS, E3 (Groundball, 6M, EV 102.5 MPH) Danny Goodwin to second
|
Batting: LHB Darryl Strawberry
|
0-0: Called Strike 0-1: Foul Ball, location: 2F 0-2: Foul Ball, location: 2F 0-2: Ball 1-2: Foul Ball, location: 2F 1-2: Foul Ball, location: 2F 1-2: Ball 2-2: 3-RUN HOME RUN (Flyball, 9D, EV 88.8 MPH), Distance : 386 ft
|
Pitching: RHP John Maxson
|
|
Batting: RHB Phil Garner
|
0-0: Ball 1-0: Called Strike 1-1: Ball 2-1: Ground out 6-3 (Groundball, 6, EV 94.4 MPH)
|
Top of the 8th over - 3 runs, 2 hits, 1 error, 0 left on base; Syracuse 7 - Columbus 3 |
BOTTOM OF THE 8TH |
Columbus Jets batting - Pitching for Syracuse Chiefs : RHP Ron Romanick
|
Batting: LHB Paul Hollins
|
0-0: Fly out, F8 (Flyball, 8LXD, EV 103.8 MPH)
|
Batting: RHB Michael Ventress
|
0-0: Ball 1-0: Foul Ball, location: 2F 1-1: Ball 2-1: Fly out, F8 (Flyball, 8RXD, EV 90.0 MPH)
|
Batting: RHB Jorge Martinez
|
0-0: Called Strike 0-1: Ball 1-1: Foul Ball, location: 2F 1-2: Ball 2-2: Ball 3-2: Ground out 6-3 (Groundball, 6, EV 88.1 MPH)
|
Bottom of the 8th over - 0 runs, 0 hits, 0 errors, 0 left on base; Syracuse 7 - Columbus 3 |
TOP OF THE 9TH |
Syracuse Chiefs batting - Pitching for Columbus Jets : RHP John Maxson
|
Batting: RHB Jim G Wilson
|
0-0: Called Strike 0-1: SINGLE (Groundball, 4D, EV 95.6 MPH)
|
Batting: SHB Jeff Doyle
|
0-0: Called Strike 0-1: Foul Ball, location: 2F 0-2: Ball 1-2: Ball 2-2: SINGLE (Groundball, 5S, EV 64.4 MPH) (infield hit) Jim G Wilson to second
|
Batting: LHB Wayne Gross
|
0-0: Ball Wild Pitch! Jim G Wilson to third Jeff Doyle to second 1-0: Foul Ball, location: 2F 1-1: Foul Ball, location: 2F 1-2: Ball 2-2: Foul Ball, location: 2F 2-2: Strikes out swinging
|
Batting: RHB Jason Adams
|
0-0: Called Strike 0-1: Swinging Strike 0-2: Ball 1-2: Ball 2-2: Fly out, F8 (Flyball, 8RM, EV 92.5 MPH) Runner from 3rd tags up, SCORES, throw by CF
|
Batting: RHB Dusty Baker
|
0-0: Fly out, F7 (Flyball, 78M, EV 90.6 MPH)
|
Top of the 9th over - 1 run, 2 hits, 0 errors, 1 left on base; Syracuse 8 - Columbus 3 |
BOTTOM OF THE 9TH |
Columbus Jets batting - Pitching for Syracuse Chiefs : RHP Ron Romanick
|
Batting: LHB Mike Lebo
|
0-0: Ball 1-0: Called Strike 1-1: Fly out, F6 (Popup, 6, EV 56.3 MPH)
|
Batting: RHB Greg Schultz
|
0-0: Called Strike 0-1: Ball 1-1: Ground out 4-3 (Groundball, 4, EV 82.5 MPH)
|
Batting: RHB Jim Maler
|
0-0: Ground out 5-3 (Groundball, 56, EV 89.4 MPH)
|
Bottom of the 9th over - 0 runs, 0 hits, 0 errors, 0 left on base; Syracuse 8 - Columbus 3 |
|